 Dungeon Crawl Stone Soup version 0.30-a0-782-ge64f9170bb (webtiles) character file.

Game seed: 11269745981103452107

98 IndexError the Shooter (level 4, -4/25 HPs)
             Began as a Gargoyle Hexslinger on Feb 22, 2023.
             Was an Initiate of Gozag.
             Slain by a gnoll
             ... wielding a +0 flail
              (6 damage)
             ... on level 2 of the Dungeon.
             The game lasted 00:02:45 (1780 turns).

IndexError the Shooter (Gargoyle Hexslinger)        Turns: 1780, Time: 00:02:46

Health: -4/25      AC:  6    Str: 13    XL:     4   Next: 71%
Magic:  5/5        EV: 11    Int: 14    God:    Gozag
Gold:   275        SH:  0    Dex: 12    Spells: 4/5 levels left

rFire   . . .      SeeInvis .    a - +1 sling
rCold   . . .      Faith    .    (no shield)
rNeg    + . .      Spirit   .    d - +0 leather armour
rPois   ∞          Reflect  .    (no helmet)
rElec   +          Harm     .    (no cloak)
rCorr   .          Rampage  .    (no gloves)
Will    .....                    (no boots)
Stlth   +                        m - amulet of magic regeneration
HPRegen 0.24/turn                (no ring)
MPRegen 0.49/turn                (no ring)

@: no status effects
A: sickness immunity, AC +3, negative energy resistance 1, electricity
resistance, torment resistance 1, petrification resistance
a: Renounce Religion, Potion Petition, Call Merchant, Bribe Branch


You were on level 2 of the Dungeon.
You worshipped Gozag.
Gozag was aware of your devotion.
You visited 1 branch of the dungeon, and saw 4 of its levels.

You collected 275 gold pieces.

Inventory:

Hand Weapons
 a - a +1 sling (weapon)
Armour
 c - a +0 robe
 d - a +0 leather armour (worn)
   (You found it on level 1 of the Dungeon)
 j - a +0 ring mail
   (You found it on level 1 of the Dungeon)
Jewellery
 m - an amulet of magic regeneration (around neck)
   (You found it on level 2 of the Dungeon)
 p - a ring of fire {rF+, rC-}
   (You found it on level 2 of the Dungeon)
Scrolls
 b - a scroll of poison
 e - a scroll of enchant armour {unknown}
 f - a scroll of amnesia {unknown}
 h - 3 scrolls of identify {unknown}
 k - a scroll of torment {unknown}
 l - a scroll of noise {unknown}
 n - 3 scrolls of fog {unknown}
 o - a scroll of teleportation {unknown}
 r - a scroll of silence {unknown}
Potions
 g - 2 potions of lignification {unknown}
 i - a potion of curing {unknown}
 q - a potion of haste {unknown}


   Skills:
 - Level 1.1 Fighting
 * Level 4.1 Ranged Weapons
 - Level 1.5 Dodging
 - Level 1.0 Spellcasting
 + Level 3.5 Hexes


You had 4 spell levels left.
You knew the following spells:

 Your Spells              Type           Power      Damage    Failure   Level
s - Slow                  Hex            40%        N/A       8%          1

Your spell library contained the following spells:

 Spells                   Type           Power      Damage    Failure   Level
 Inner Flame              Hex/Fire       5%         N/A       43%         3
 Portal Projectile        Hex/Tloc       10%        N/A       43%         3
 Lesser Beckoning         Tloc           0%         N/A       45%         2
 Cause Fear               Hex            5%         N/A       61%         4
 Gell's Gravitas          Tloc           0%         N/A       69%         3
 Teleport Other           Tloc           0%         N/A       69%         3


Dungeon Overview and Level Annotations

Branches:
Dungeon (4/15)
 Temple: D:4-7

Altars:
Gozag

Annotations:
D:4 Dowan, Duvessa


Innate Abilities, Weirdness & Mutations

You are immune to sickness and miasma.
Your stone body is resilient. (AC +3)
You are immune to poison.
You resist negative energy. (rN+)
You are resistant to electric shocks. (rElec)
You are resistant to unholy torment.
You are immune to petrification.


Message History

Dowan gestures wildly while chanting.
Dowan blinks!
Spoiler Alert: Duvessa can hit for moderate damage in melee, and goes Berserk when Dowan dies!
Spoiler Alert: Duvessa can hit for moderate damage in melee, and goes Berserk when Dowan dies!
Spoiler Alert: Duvessa can hit for moderate damage in melee, and goes Berserk when Dowan dies!
Spoiler Alert: Duvessa can hit for moderate damage in melee, and goes Berserk when Dowan dies!
The ball python barely misses you. The ball python grabs you.
The ball python constricts you.
Spoiler Alert: Duvessa can hit for moderate damage in melee, and goes Berserk when Dowan dies!
You escape the ball python's grasp.
Spoiler Alert: Duvessa can hit for moderate damage in melee, and goes Berserk when Dowan dies!
Health restored: 25 The ball python attacks as you move away!
The ball python bites you but does no damage.
The ball python attacks as you move away!
The ball python bites you but does no damage.
Spoiler Alert: Duvessa can hit for moderate damage in melee, and goes Berserk when Dowan dies!
The ball python closely misses you. x2
The ball python attacks as you move away!
The ball python closely misses you.
Spoiler Alert: Duvessa can hit for moderate damage in melee, and goes Berserk when Dowan dies!
Spoiler Alert: Duvessa can hit for moderate damage in melee, and goes Berserk when Dowan dies!
You hear the rusting of a distant drain.
Spoiler Alert: Duvessa can hit for moderate damage in melee, and goes Berserk when Dowan dies!
The ball python attacks as you move away!
The ball python bites you but does no damage.
The ball python barely misses you.
Spoiler Alert: Duvessa can hit for moderate damage in melee, and goes Berserk when Dowan dies!
The ball python attacks as you move away!
The ball python bites you but does no damage.
The ball python misses you. The ball python closely misses you.
Spoiler Alert: Duvessa can hit for moderate damage in melee, and goes Berserk when Dowan dies!
The ball python barely misses you. The ball python grabs you.
The ball python constricts you.
There is a stone staircase leading up here.
You take 1 damage, and have 24/25 hp.
You shoot a sling bullet. The sling bullet hits the ball python.
The ball python bites you but does no damage.
The ball python barely misses you.
Spoiler Alert: Duvessa can hit for moderate damage in melee, and goes Berserk when Dowan dies!
Health restored: 25 You shoot a sling bullet.
The sling bullet hits the ball python.
The ball python bites you but does no damage.
The ball python grabs you. The ball python constricts you.
The ball python misses you. The ball python constricts you.
Warning x2: Dowan can Haste Duvessa, and will become Hasted and cast Throw Icicle when Duvessa dies!
Duvessa can hit for moderate damage in melee, and goes Berserk when Dowan dies!
You escape the ball python's grasp.
You climb upwards.
There is a stone staircase leading down here.
You shoot a sling bullet. The sling bullet hits the ball python!
Your Ranged Weapons skill increases to level 4!
You shoot a sling bullet.
The sling bullet closely misses the rat.
You shoot a sling bullet. The sling bullet hits the rat.
No target in view!
No target in view!
You now have 268 gold pieces (gained 7).
You now have 275 gold pieces (gained 7).
The gnoll shouts!
Spoiler Alert: The gnoll can hit for moderate damage in melee, and throws nets!
You shoot a sling bullet. The sling bullet hits the gnoll!
A gnoll comes into view. It is wielding a +0 halberd.
Warning x2: The gnoll can hit for moderate damage in melee, and throws nets!
The gnoll (wandering) can hit for moderate damage in melee, and throws nets!
You shoot a sling bullet. The gnoll shouts!
The sling bullet hits the gnoll.
A gnoll comes into view. It is wielding a +0 flail.
You shoot a sling bullet.
The sling bullet completely misses the gnoll.
The gnoll shouts!
You shoot a sling bullet. The sling bullet hits the gnoll.
The gnoll hits you with a +0 club.
A gnoll comes into view. It is wielding a +0 halberd.
You shoot a sling bullet. The gnoll shouts!
The sling bullet hits the gnoll.
You shoot a sling bullet. The sling bullet hits the gnoll.
The gnoll hits you from afar with a +0 halberd!
You are too injured to fight recklessly!
You are too injured to fight recklessly!
Warning x3: The gnoll can hit for moderate damage in melee, and throws nets! x3
You take 12 damage, and have 13/25 hp.
MASSIVE DAMAGE!!
The gnoll misses you. The gnoll hits you but does no damage.
The gnoll completely misses you. The gnoll barely misses you.
There is a stone staircase leading up here.
The gnoll hits you but does no damage.
The gnoll hits you from afar with a +0 halberd.
The bat is distracted by your dazzling golden aura.
You climb upwards.
There is a stone staircase leading down here.
Warning x2: The gnoll can hit for moderate damage in melee, and throws nets! x2
You take 4 damage, and have 9/25 hp.
The gnoll barely misses you. The gnoll hits you with a +0 flail!
* * * LOW HITPOINT WARNING * * *
You take 8 damage, and have 1/25 hp.
MASSIVE DAMAGE!!
The gnoll attacks as you move away! The gnoll misses you.
The gnoll attacks as you move away! The gnoll hits you with a +0 flail.
You die...
Your body crumbles into a pile of gold.

.##........# # ...........# #
...........# # ...........#
########### ...........#
#........## ...........#####
#........## ..........>....#
#........##
.....##'#....#.########........##
####.##.#....g.g@.....'...(......
#.##.#....#...)#####........##
#....#....####.# #........##
######......##.# #........##
#......##.# #........##
#......##.#####........#
####...##....##........#
#...#####..########## ##### ##.#


You could see 2 gnolls.

Vanquished Creatures
  A jelly (D:4)
  A gnoll (D:3)
  4 adders (D:2)
  7 ball pythons
  3 endoplasms
  2 goblins
  3 kobolds
  3 bats (D:2)
  2 frilled lizards (D:2)
  3 rats
29 creatures vanquished.

Notes
Turn   | Place    | Note
-------+----------+-------------------------------------------
     0 | D:1      | IndexError the Gargoyle Hexslinger began the quest for the
                  | Orb.
     0 | D:1      | Reached XP level 1. HP: 12/12 MP: 2/2
   142 | D:1      | Found a faded altar of an unknown god.
   209 | D:1      | Prayed at the altar of an unknown god.
   209 | D:1      | Became a worshipper of Gozag Ym Sagoz the Greedy
   690 | D:1      | Reached XP level 2. HP: 16/16 MP: 3/3
   975 | D:2      | Reached skill level 3 in Hexes
  1018 | D:2      | HP: 4/16 [adder (1)]
  1020 | D:2      | Reached skill level 3 in Ranged Weapons
  1020 | D:2      | Reached XP level 3. HP: 6/20 MP: 4/4
  1643 | D:3      | You fall into a shaft and drop 1 floor!
  1686 | D:4      | Reached XP level 4. HP: 25/25 MP: 5/5
  1719 | D:4      | Noticed Dowan
  1719 | D:4      | Noticed Duvessa
  1755 | D:3      | Reached skill level 4 in Ranged Weapons
  1774 | D:2      | HP: 1/25 [gnoll/+0 flail (8)]
  1780 | D:2      | Slain by a gnoll

Illustrated notes

Levels and vault maps discovered:
D:1:      eino_arrival_cavern_b, layout_loops_ring,
          shapermc_ecumenical_altar_petra, chequers_serial_rivers_small_b
D:2:      layout_basic
D:3:      layout_basic, gammafunk_ghost_icy
D:4:      layout_rooms, cheibrodos_sewer_entry_sluice, uniq_duvessa

Skill      XL: |  1  2  3  4 |
---------------+-------------+-----
Hexes          | 3 |  3.5
Ranged Weapons | 3 4 |  4.1
Fighting       | |  1.1
Dodging        | |  1.5
Spellcasting   | |  1.0

Action                     |  1- 3 |  4- 6 || total
---------------------------+-------+-------++-------
   Fire: Sling             |    81 |    14 ||    95
   Cast: Slow              |     3 |       ||     3
 Armour: Robe              |    18 |       ||    18
         Leather armour    |       |    10 ||    10
  Dodge: Dodged            |    37 |    22 ||    59

Table legend: (Time is in decaauts)
 A = Elapsed time spent in this place.
 B = Non-inter-level travel time spent in this place.
 C = Inter-level travel time spent in this place.
 D = Time resting spent in this place.
 E = Time spent auto-exploring this place.
 F = Levels seen in this place.
 G = Mean time per level.
                   A        B        C        D        E       F      G
               +--------+--------+--------+--------+--------+-----+--------+
         Total |   1810 |   1661 |    149 |      0 |   1372 |   4 |  452.5 |
       Dungeon |   1810 |   1661 |    149 |      0 |   1372 |   4 |  452.5 |
               +--------+--------+--------+--------+--------+-----+--------+

Top non-repeatable levels by time:
     D:1: 1006 daAuts
     D:2: 669 daAuts
     D:4: 112 daAuts
     D:3: 23 daAuts

Table legend:
 A = Kills in this place as a percentage of kills in entire the game.
 B = Kills by you in this place as a percentage of kills by you in the entire game.
 C = Kills by friends in this place as a percentage of kills by friends in the entire game.
 D = Other kills in this place as a percentage of other kills in the entire game.
 E = Experience gained in this place as a percentage of experience gained in the entire game.
 F = Experience gained in this place divided by the number of levels of this place that you have seen.
                   A       B       C       D       E      F
               +-------+-------+-------+-------+-------+----------------------
         Total | 100.0 | 100.0 |   N/A |   N/A | 100.0 |  35.2
       Dungeon | 100.0 | 100.0 |   N/A |   N/A | 100.0 |  35.2
               +-------+-------+-------+-------+-------+----------------------
